Map: Miasto szlamu

Players

Sebis

  • Race: Protoss Protoss
  • Spawn Location: 5:00

Opha - Winner!

  • Race: Protoss Protoss
  • Spawn Location: 9:00

Adalc

  • Race: Terran Terran
  • Spawn Location: 5:00

Gracz - Winner!

  • Race: Protoss Protoss
  • Spawn Location: 11:00

VOD

Have the link to the VOD?

Description

Time

  • Played on: Feb. 26, 2016, 3:11 p.m.
  • Length: 28:47
Show
View Real Time Build Order
Export as new Build Order

Sebis Protoss 

Build Orders: Blink Stalkers 

Get SALT Encoding   

  12  0:01  Probe (Chrono Boost)  
  13  0:12  Probe (Chrono Boost)  
  14  0:20  Pylon  
  14  0:22  Probe (Chrono Boost)  
  15  0:33  Assimilator  
  15  0:38  Probe (Chrono Boost)  
  16  0:46  Gateway  
  16  0:49  Probe (Chrono Boost)  
  17  1:00  Probe (Chrono Boost)  
  17  1:03  Assimilator  
  18  1:10  Probe (Chrono Boost)  
  19  1:18  Pylon  
  19  1:21  Probe (Chrono Boost)  
  20  1:31  Probe (Chrono Boost)  
  21  1:39  Cybernetics Core  
  21  1:42  Probe (Chrono Boost)  
  22  1:52  Probe (Chrono Boost)  
  23  1:55  Gateway  
  23  2:02  Pylon  
  23  2:03  Probe (Chrono Boost)  
  24  2:13  Probe (Chrono Boost)  
  25  2:15  Stalker (Chrono Boost)  
  27  2:24  Probe  
  28  2:32  Twilight Council  
  28  2:36  Probe  
  29  2:37  Warp Gate  
  29  2:43  Stalker (Chrono Boost)  
  31  2:47  Forge  
  31  2:57  Probe  
  34  2:59  Stalker (Chrono Boost)  
  34  3:09  Stalker (Chrono Boost)  
  36  3:13  Blink (Chrono Boost)  
  36  3:23  Probe  
  39  3:28  Protoss Ground Weapons Level 1  
  39  3:29  Stalker (Chrono Boost)  
  39  3:47  Pylon  
  39  4:05  Stalker, Probe  
  39  4:09  Nexus  
  42  4:17  Probe  
  42  4:18  Photon Cannon  
  43  4:29  Probe  
  44  4:32  Assimilator  
  44  4:38  Assimilator  
  44  4:41  Probe  
  44  4:43  Pylon  
  45  4:48  Pylon  
  45  4:52  Stalker  
  47  4:58  Probe  
  42  5:10  Probe  
  43  5:22  Probe  
  43  5:26  Probe  
  45  5:34  Probe  
  46  5:37  Probe  
  47  5:47  Probe  
  47  5:49  Protoss Ground Weapons Level 2 (Chrono Boost)  
  48  5:58  Pylon, Probe  
  48  6:00  Pylon  
  48  6:01  Stalker x2 (Chrono Boost)  
  53  6:10  Probe  
  54  6:18  Gateway  
  54  6:20  Gateway  
  54  6:22  Probe  
  54  6:23  Gateway  
  55  6:33  Gateway  
  55  6:38  Gateway  
  55  6:41  Probe  
  56  6:50  Probe  
  56  6:53  Probe  
  58  7:02  Probe  
  58  7:06  Templar Archives  
  59  7:09  Probe  
  59  7:14  Probe  
  61  7:37  Stalker x2  
  61  7:39  Stalker x2  
  61  7:40  Stalker  
  61  7:41  Stalker x2  
  75  8:04  Pylon  
  75  8:08  Pylon  
  75  8:11  Robotics Facility  
  75  8:28  Stalker  
  75  8:29  Stalker  
  75  8:30  Stalker x2  
  75  8:31  Stalker  
  85  8:51  Probe  
  86  8:56  Mothership Core  
  86  8:59  Warp Prism  
  90  9:03  Probe  
  90  9:04  Stalker  
  93  9:10  Stalker  
  93  9:15  Probe  
  96  9:20  Protoss Ground Weapons Level 3  
  96  9:27  Probe  
  97  9:39  Probe  
  98  10:25  Nexus  
  98  10:30  Assimilator  
  98  10:34  Assimilator  
  98  10:36  Pylon  
  98  10:39  Pylon  
  98  10:40  Robotics Bay  
  98  10:43  Pylon  
  98  10:46  Pylon  
  98  10:50  Photon Cannon  
  98  10:56  Photon Cannon  
  98  11:02  Stalker  
  100  11:14  Probe  
  101  11:26  Stalker  
  101  11:27  Probe  
  104  11:38  Probe  
  104  11:39  Probe  
  106  11:48  Probe  
  107  11:59  Probe  
  74  12:07  Stalker x2  
  74  12:08  Stalker  
  64  12:18  Stalker  
  66  12:40  Colossus  
  66  12:42  Probe  
  73  12:53  Probe  
  74  13:10  Probe  
  75  13:18  High Templar  
  77  13:21  Probe  
  78  13:30  High Templar  
  78  13:31  Probe, High Templar  
  78  13:32  High Templar  
  78  13:34  High Templar  
  87  13:38  High Templar  
  89  13:46  Archon  
  89  13:47  Archon  
  89  13:54  Archon  
  89  14:00  Protoss Ground Armor Level 1  
  89  14:13  Gateway  
  89  14:14  Gateway  
  89  14:16  Gateway  
  89  14:17  Probe  
  89  14:18  Gateway  
  90  14:27  Probe  
  90  14:29  High Templar x2  
  90  14:30  High Templar x2  
  90  14:31  High Templar  
  101  14:34  High Templar  
  101  14:35  High Templar  
  101  14:38  Probe  
  106  14:48  Colossus, Probe  
  106  14:51  Archon x3  
  113  14:59  Probe  
  114  15:20  High Templar x2  
  114  15:21  High Templar  
  120  15:22  High Templar x2  
  120  15:23  High Templar x2  
  120  15:24  High Templar x2  
  120  15:25  High Templar  
  120  15:26  High Templar  
  136  15:35  Archon  
  136  15:36  Archon x3  
  136  15:37  Archon  
  136  15:38  Archon  
  136  15:57  High Templar x2  
  136  15:58  High Templar x2  
  136  15:59  High Templar  
  136  16:00  High Templar x2  
  136  16:01  High Templar x2  
  154  16:11  Protoss Ground Armor Level 2  
  154  16:15  Archon  
  154  16:16  Archon x2  
  154  16:17  Archon  
  80  17:06  High Templar  
  80  17:07  High Templar x2  
  78  17:08  High Templar  
  80  17:40  Psionic Storm  
  80  17:53  Nexus  
  80  17:55  Assimilator  
  80  17:58  Assimilator, Extended Thermal Lance  
  80  17:59  Pylon  
  80  18:08  Colossus  
  86  18:18  Archon  
  86  18:19  Archon  
  82  18:32  Probe  
  83  18:43  Probe  
  83  18:44  Pylon  
  82  18:53  Probe  
  80  19:02  Observer (Chrono Boost)  
  80  19:04  Probe  
  77  19:14  Probe  
  78  19:22  Observer (Chrono Boost)  
  63  19:38  Stalker x2  
  65  19:39  Stalker x2  
  65  19:40  Stalker  
  65  19:41  Stalker, Colossus (Chrono Boost)  
  65  19:44  Probe  
  82  19:54  Probe  
  83  20:05  Probe  
  76  20:15  Probe  
  76  20:20  Stalker  
  76  20:21  Stalker  
  81  20:26  Probe  
  82  21:17  Probe  
  83  21:27  Probe  
  84  21:38  Probe  
  44  23:04  Zealot x2  
  44  23:05  Zealot x2  
  50  23:06  Zealot x2  
  50  23:07  Zealot x2  
  50  23:08  Zealot  
  50  23:09  Zealot  
  64  23:15  Probe  
  62  24:03  High Templar  
  62  24:04  High Templar x2  
  62  24:05  High Templar x2  
  72  24:11  Archon  
  72  24:17  Archon  
  71  24:24  High Templar  
  71  24:25  High Templar  
  75  24:32  Archon  
  75  24:44  Zealot  
  77  24:47  Probe  
  78  25:50  High Templar  
  80  26:01  Zealot x2  
  80  26:03  Zealot x2  
  88  26:04  Zealot  
  90  26:32  Zealot x2  
  91  26:33  Zealot  
  91  26:34  Zealot  
  91  26:35  Zealot  
  91  26:36  Zealot  
  101  26:54  High Templar  
  103  27:46  Probe  
  103  27:49  High Templar  
  106  28:26  Pylon  
Show
View Real Time Build Order
Export as new Build Order

Opha Protoss - Winner!

Build Orders: Oracle Opening 

Get SALT Encoding   

  12  0:03  Probe (Chrono Boost)  
  13  0:18  Pylon, Probe (Chrono Boost)  
  14  0:28  Assimilator  
  14  0:30  Probe (Chrono Boost)  
  15  0:42  Gateway  
  15  0:45  Probe (Chrono Boost)  
  16  0:55  Probe (Chrono Boost)  
  17  1:00  Pylon  
  17  1:06  Probe (Chrono Boost)  
  18  1:11  Assimilator  
  18  1:16  Probe (Chrono Boost)  
  19  1:27  Probe (Chrono Boost)  
  19  1:32  Cybernetics Core  
  20  1:45  Probe (Chrono Boost)  
  21  1:52  Forge  
  21  1:56  Probe (Chrono Boost)  
  21  1:59  Pylon  
  22  2:06  Probe (Chrono Boost)  
  23  2:09  Warp Gate  
  23  2:17  Stargate  
  23  2:25  Mothership Core (Chrono Boost)  
  25  2:33  Gateway  
  25  2:40  Protoss Ground Weapons Level 1  
  25  2:50  Pylon  
  25  3:05  Photon Cannon  
  25  3:17  Assimilator  
  25  3:23  Assimilator  
  25  3:35  Nexus  
  25  3:47  Gateway  
  25  3:52  Oracle  
  28  4:15  Robotics Facility  
  28  4:20  Pylon  
  28  4:28  Protoss Air Weapons Level 1  
  28  4:37  Stalker  
  28  4:38  Stalker  
  32  4:47  Probe (Chrono Boost)  
  33  4:58  Probe (Chrono Boost)  
  34  5:08  Probe (Chrono Boost)  
  35  5:19  Probe (Chrono Boost)  
  33  5:22  Stalker x2  
  37  5:32  Twilight Council  
  37  5:36  Gateway  
  37  5:43  Robotics Facility, Robotics Bay  
  37  5:49  Gateway  
  37  5:59  Stalker  
  37  6:01  Probe (Chrono Boost)  
  40  6:11  Probe (Chrono Boost)  
  40  6:13  Pylon  
  41  6:20  Blink  
  41  6:22  Probe (Chrono Boost)  
  43  6:33  Probe (Chrono Boost)  
  43  6:43  Nexus, Probe (Chrono Boost)  
  43  6:45  Extended Thermal Lance  
  44  6:54  Probe (Chrono Boost)  
  45  7:04  Pylon  
  45  7:12  Observer  
  46  7:23  Probe (Chrono Boost)  
  47  7:30  Photon Cannon  
  47  7:34  Stalker, Probe (Chrono Boost)  
  47  7:35  Stalker x2  
  47  7:36  Stalker x2  
  58  7:44  Assimilator, Probe (Chrono Boost)  
  58  7:48  Assimilator  
  59  7:53  Colossus  
  59  7:55  Probe (Chrono Boost)  
  66  8:00  Probe (Chrono Boost)  
  66  8:05  Probe (Chrono Boost)  
  68  8:09  Pylon  
  68  8:11  Pylon, Probe (Chrono Boost)  
  68  8:12  Pylon  
  69  8:21  Probe (Chrono Boost)  
  69  8:24  Immortal  
  74  8:32  Probe (Chrono Boost)  
  75  8:40  Stalker x2  
  79  8:42  Probe (Chrono Boost)  
  79  8:44  Protoss Ground Weapons Level 2  
  80  8:53  Probe (Chrono Boost)  
  81  9:04  Probe (Chrono Boost)  
  81  9:07  Pylon  
  81  9:09  Pylon  
  82  9:11  Pylon  
  82  9:13  Pylon  
  82  9:14  Probe (Chrono Boost)  
  82  9:15  Pylon  
  83  9:21  Charge  
  83  9:25  Probe (Chrono Boost)  
  83  9:27  Stalker x3  
  90  9:34  Pylon  
  90  9:36  Pylon  
  90  9:41  Photon Cannon  
  90  9:54  Immortal  
  90  9:56  Immortal  
  98  10:47  Immortal x2  
  106  10:50  Stalker x2  
  106  10:51  Stalker x3  
  116  11:11  Protoss Ground Weapons Level 3  
  116  11:17  Stalker x2  
  116  11:18  Stalker x2  
  122  11:19  Stalker  
  122  11:25  Colossus  
  126  11:26  Colossus  
  114  12:17  Stalker  
  114  12:18  Stalker  
  114  12:19  Stalker x2  
  114  12:20  Stalker  
  124  12:24  Immortal x2  
  132  12:55  Nexus  
  132  12:56  Pylon  
  132  12:59  Pylon  
  132  13:01  Assimilator  
  132  13:02  Colossus x2  
  144  13:07  Assimilator  
  144  13:18  Stalker x2  
  144  13:19  Stalker x3  
  154  13:38  Photon Cannon  
  154  13:48  Protoss Shields Level 1  
  154  13:57  Observer  
  154  14:02  Observer  
  156  14:12  Stalker x2  
  156  14:13  Stalker  
  156  14:15  Stalker  
  164  14:18  Observer  
  164  14:22  Colossus  
  171  14:34  Probe (Chrono Boost)  
  172  14:38  Colossus  
  172  14:44  Stalker  
  172  14:45  Stalker x2, Probe (Chrono Boost)  
  185  14:46  Stalker x2  
  189  14:55  Probe (Chrono Boost)  
  190  15:16  Dark Shrine, Immortal  
  194  15:33  Immortal  
  198  15:49  Protoss Shields Level 2  
  198  16:07  Stalker  
  112  17:12  Stalker  
  112  17:13  Stalker x3  
  112  17:14  Stalker  
  92  17:28  Colossus x2  
  104  17:36  Dark Templar  
  104  17:37  Dark Templar x2  
  109  18:22  Immortal x2  
  115  18:52  Nexus  
  115  19:00  Colossus  
  115  19:01  Colossus  
  127  19:03  Stalker  
  127  19:04  Stalker x3  
  127  19:05  Stalker  
  133  19:39  Stalker x2  
  133  19:40  Stalker x2  
  133  19:43  Stalker  
  143  19:54  Pylon  
  143  19:55  Immortal x2  
  143  19:57  Assimilator  
  151  20:01  Assimilator  
  151  20:15  Photon Cannon  
  151  20:31  Protoss Shields Level 3  
  151  20:33  Colossus x2  
  151  20:34  Stalker  
  151  20:35  Stalker  
  167  20:36  Stalker  
  167  20:37  Stalker  
  171  21:09  Dark Templar x2  
  175  21:29  Dark Templar x2  
  175  21:30  Dark Templar  
  181  21:51  Nexus  
  181  21:57  Stalker x2  
  185  22:01  Stalker  
  185  22:02  Stalker  
  185  22:04  Stalker  
  191  22:11  Observer  
  191  22:12  Observer  
  192  23:15  Protoss Ground Armor Level 1  
  192  23:39  Nexus  
  146  24:29  Stalker x2  
  146  24:30  Stalker x2  
  146  24:31  Stalker  
  156  24:45  Assimilator  
  156  24:49  Assimilator  
  156  24:56  Stalker  
  156  24:58  Stalker  
  156  24:59  Assimilator, Stalker  
  162  25:13  Stalker x2  
  166  25:39  Assimilator  
  166  26:00  Stalker  
  166  26:01  Stalker x2  
  166  26:02  Stalker x2  
  176  27:11  Stalker x2  
  176  27:12  Stalker x2  
  176  27:13  Stalker  
  186  28:07  Stalker x2  
  186  28:08  Stalker x2  
  186  28:09  Stalker  
Show
View Real Time Build Order
Export as new Build Order

Adalc Terran 

Build Orders:  

Get SALT Encoding   

  12  0:12  Supply Depot  
  12  0:14  SCV  
  13  0:27  SCV  
  14  0:39  SCV  
  14  0:41  Barracks  
  15  0:48  Refinery  
  15  0:55  Refinery  
  15  0:56  SCV  
  16  1:08  SCV  
  17  1:20  SCV  
  18  1:28  Engineering Bay  
  18  1:33  Barracks Reactor, SCV  
  19  1:44  Supply Depot  
  19  1:45  SCV  
  20  1:57  SCV  
  21  2:09  SCV  
  21  2:10  Missile Turret  
  22  2:17  Supply Depot  
  22  2:18  Marine  
  22  2:21  SCV  
  22  2:22  Marine  
  25  2:36  Marine  
  26  2:40  Marine  
  27  3:02  Command Center  
  27  3:05  Marine  
  27  3:06  Marine  
  29  3:12  Terran Infantry Weapons Level 1  
  29  3:23  Marine x2  
  31  3:35  Factory  
  31  3:41  Marine x2  
  33  3:59  Marine x2  
  35  4:14  SCV  
  35  4:17  Marine x2  
  38  4:25  Missile Turret  
  38  4:26  SCV  
  38  4:28  Factory Tech Lab  
  39  4:38  SCV  
  39  4:41  Starport  
  40  4:46  Orbital Command  
  40  4:51  SCV  
  41  4:53  Refinery  
  41  5:03  SCV  
  42  5:07  Terran Infantry Armor Level 1  
  42  5:15  SCV  
  43  5:24  Siege Tank  
  43  5:27  SCV  
  50  5:30  Starport Reactor  
  50  5:33  Marine x2  
  49  5:39  SCV  
  49  5:41  Missile Turret  
  50  5:50  Marine  
  50  5:51  Marine, SCV  
  53  6:00  Supply Depot  
  53  6:03  SCV  
  54  6:19  Refinery  
  54  6:21  Marine x2, Siege Tank, SCV  
  54  6:22  Supply Depot  
  60  6:33  Supply Depot  
  60  6:34  Liberator x2, SCV  
  60  6:39  Marine  
  62  6:44  Marine  
  62  6:46  Supply Depot, SCV  
  64  6:53  Armory  
  70  6:55  Siege Tank  
  70  6:56  Supply Depot  
  70  6:58  SCV  
  74  7:10  SCV  
  75  7:22  SCV  
  76  7:34  SCV  
  77  7:42  Supply Depot  
  77  7:46  SCV  
  77  7:49  Terran Ship Weapons Level 1  
  77  7:50  Liberator x2  
  78  7:59  Marine x2  
  78  8:01  Armory  
  78  8:02  Thor  
  92  8:12  Supply Depot  
  92  8:17  Marine x2  
  94  8:33  Liberator x2  
  94  8:34  Marine, Supply Depot  
  94  8:35  Marine  
  94  8:38  Terran Infantry Weapons Level 2  
  96  8:45  Thor  
  102  8:52  Terran Vehicle And Ship Armor Level 1, Marine x2  
  110  9:28  Thor  
  116  9:33  Marine x2  
  118  9:42  Supply Depot  
  118  9:44  Terran Vehicle Weapons Level 1  
  118  9:46  Liberator  
  118  9:52  Supply Depot  
  118  10:03  Marine x2  
  118  10:04  Supply Depot  
  123  10:08  Command Center  
  123  10:13  Thor  
  129  10:15  Supply Depot  
  129  10:21  Marine x2  
  129  10:27  Supply Depot  
  131  10:38  Supply Depot  
  131  10:39  Marine x2  
  133  10:45  Terran Ship Weapons Level 2  
  133  10:54  Terran Infantry Armor Level 2  
  133  10:57  Marine x2  
  135  11:14  Marine x2  
  137  11:32  Marine x2  
  139  11:40  Refinery  
  139  11:43  Refinery  
  120  11:50  Marine x2  
  82  12:00  Liberator x2  
  79  12:13  Marine  
  79  12:14  Marine  
  63  12:21  Thor  
  75  12:31  Marine  
  75  12:32  Marine  
  77  12:43  Liberator x2  
  77  12:49  Marine x2  
  79  12:56  Barracks  
  79  13:04  Thor  
  91  13:06  Barracks  
  91  13:07  Marine x2  
  91  13:10  Terran Infantry Weapons Level 3  
  93  13:13  Terran Ship Weapons Level 3  
  93  13:15  Terran Vehicle And Ship Armor Level 2  
  93  13:25  Marine x2  
  93  13:26  Liberator x2  
  95  13:43  Marine x2  
  103  13:49  Barracks Reactor  
  103  13:55  Thor  
  103  13:57  Starport  
  103  14:00  Marine  
  103  14:01  Marine  
  111  14:08  Liberator  
  111  14:09  Liberator  
  111  14:10  Orbital Command  
  111  14:18  Marine x2  
  111  14:19  Barracks Reactor  
  113  14:25  Marine x2  
  121  14:36  Marine x2  
  123  14:38  Thor  
  123  14:39  Starport Reactor  
  123  14:43  Marine x2  
  131  14:45  Factory  
  131  14:51  Liberator  
  131  14:54  Marine x2  
  133  15:01  Marine x2  
  135  15:12  Marine x2  
  140  15:15  Refinery  
  140  15:18  Marine  
  140  15:19  Marine  
  140  15:21  Refinery, Thor  
  148  15:29  Marine  
  148  15:30  Marine  
  150  15:36  Marine x2  
  150  15:41  Liberator x2  
  152  15:47  Marine x2, Terran Infantry Armor Level 3  
  154  15:50  Terran Vehicle Weapons Level 2  
  154  15:57  Factory Tech Lab  
  154  16:04  Thor  
  160  16:05  Marine x2  
  168  16:13  Terran Vehicle And Ship Armor Level 3  
  168  16:24  Liberator  
  72  17:34  SCV  
  73  17:44  Marine x2  
  73  17:46  SCV  
  73  17:47  Marine  
  73  17:48  Marine  
  73  17:50  Liberator x2  
  78  17:53  Marine  
  78  17:54  Marine  
  80  17:58  SCV  
  80  18:01  Thor  
  80  18:02  Marine x2  
  80  18:03  Thor  
  95  18:05  Marine x2  
  95  18:10  SCV  
  95  18:11  Marine x2  
  106  18:19  Marine  
  105  18:20  Marine  
  105  18:22  SCV  
  105  18:23  Marine x2  
  110  18:29  Marine x2  
  110  18:31  Missile Turret  
  112  18:37  Marine  
  112  18:38  Marine  
  112  18:41  Marine x2  
  114  18:47  Marine x2  
  83  19:40  Liberator x2  
  83  19:44  Liberator  
  92  20:23  Liberator x2  
  98  20:47  Marine x2  
  100  20:51  Marine x2  
  102  21:05  Marine x2  
  102  21:06  Liberator x2  
  102  21:09  Marine x2  
  106  21:23  Marine x2  
  112  21:26  Marine  
  112  21:27  Marine  
  109  21:41  Marine x2  
  111  21:48  Liberator  
  111  21:49  Liberator  
  111  21:54  SCV  
  112  22:06  SCV  
  119  22:18  SCV  
  120  22:30  SCV  
  121  22:42  SCV  
  122  22:50  Refinery  
  122  22:58  SCV  
  122  23:00  Refinery  
  122  23:03  Marine x2  
  125  23:07  Marine x2  
  125  23:10  SCV  
  128  23:13  Marine x2  
  130  23:21  Marine x2  
  130  23:22  SCV  
  130  23:25  Marine x2  
  135  23:27  Thor  
  135  23:30  Thor  
  135  23:31  Marine x2  
  149  23:35  SCV  
  149  23:39  Marine x2  
  152  23:42  Marine  
  152  23:43  Marine  
  152  23:47  SCV  
  155  23:48  Marine  
  155  23:49  Marine  
  154  23:56  Marine  
  154  23:57  Marine  
  154  24:00  Marine x2  
  155  24:03  Liberator  
  155  24:04  Liberator  
  155  24:06  Marine x2  
  92  24:34  Marine x2  
  94  24:39  Terran Vehicle Weapons Level 3  
  94  24:46  Liberator x2  
  94  24:51  Marine  
  94  24:52  Marine  
  96  24:59  SCV  
  97  25:07  Marine x2  
  103  25:09  Marine x2  
  103  25:11  SCV  
  108  25:23  SCV  
  108  25:24  Marine  
  108  25:25  Marine  
  108  25:27  Marine x2  
  113  25:29  Liberator x2  
  113  25:36  Command Center, SCV  
  114  25:46  Marine x2  
  114  25:48  SCV  
  123  26:00  SCV  
  124  26:04  Marine x2  
  126  26:12  Liberator, SCV  
  127  26:22  Marine x2  
  127  26:24  SCV  
  133  26:36  SCV  
  126  26:52  Orbital Command  
  123  27:15  Liberator x2  
  73  27:40  Marine x2  
  53  27:58  Marine x2  
Show
View Real Time Build Order
Export as new Build Order

Gracz Protoss - Winner!

Build Orders:  

Get SALT Encoding   

  12  0:05  Probe (Chrono Boost)  
  13  0:15  Probe (Chrono Boost)  
  13  0:19  Assimilator  
  14  0:26  Probe (Chrono Boost)  
  15  0:38  Pylon  
  15  0:42  Pylon  
  15  0:56  Probe (Chrono Boost)  
  16  1:28  Nexus  
  16  1:29  Gateway  
  16  1:38  Assimilator  
  16  1:46  Pylon  
  16  1:55  Pylon  
  16  2:02  Probe (Chrono Boost)  
  17  2:18  Forge  
  17  2:21  Probe (Chrono Boost)  
  18  2:27  Zealot  
  20  2:48  Cybernetics Core  
  20  2:54  Probe (Chrono Boost)  
  21  2:59  Zealot  
  21  3:03  Probe (Chrono Boost)  
  24  3:13  Probe (Chrono Boost)  
  24  3:16  Probe (Chrono Boost)  
  26  3:24  Probe (Chrono Boost)  
  28  3:27  Probe (Chrono Boost)  
  28  3:34  Probe (Chrono Boost)  
  28  3:37  Stalker  
  28  3:38  Mothership Core (Chrono Boost)  
  33  3:49  Probe (Chrono Boost)  
  33  3:53  Warp Gate  
  34  3:56  Probe (Chrono Boost)  
  34  3:59  Probe (Chrono Boost)  
  36  4:07  Probe (Chrono Boost)  
  38  4:10  Probe (Chrono Boost)  
  38  4:11  Stalker  
  40  4:19  Assimilator  
  40  4:20  Probe (Chrono Boost)  
  41  4:24  Assimilator  
  41  4:26  Probe (Chrono Boost)  
  41  4:31  Probe (Chrono Boost)  
  43  4:36  Probe (Chrono Boost)  
  44  4:43  Probe (Chrono Boost)  
  45  4:47  Probe (Chrono Boost)  
  46  4:53  Probe (Chrono Boost)  
  46  4:58  Probe (Chrono Boost)  
  48  5:04  Probe (Chrono Boost)  
  49  5:22  Stargate  
  49  5:27  Pylon  
  49  5:30  Pylon  
  49  5:46  Stargate  
  49  5:47  Protoss Air Armor Level 1  
  49  5:53  Stargate  
  49  5:55  Stargate  
  49  5:58  Stargate  
  49  6:00  Stargate  
  49  6:11  Fleet Beacon  
  49  6:40  Gateway  
  49  6:47  Gateway  
  49  6:48  Gateway  
  49  6:50  Pylon  
  49  6:55  Void Ray x3  
  49  6:56  Void Ray  
  65  7:29  Stalker  
  67  7:41  Protoss Air Weapons Level 1  
  73  8:04  Void Ray x3  
  85  8:28  Gateway  
  85  8:39  Pylon  
  85  8:43  Pylon  
  85  8:45  Pylon  
  85  9:01  Stalker  
  85  9:02  Stalker  
  89  9:16  Tempest, Void Ray x2  
  89  9:17  Void Ray  
  105  9:46  Pylon  
  104  11:07  Void Ray  
  108  11:21  Pylon  
  108  11:27  Pylon  
  108  11:32  Pylon  
  108  11:39  Void Ray x2  
  116  11:44  Void Ray  
  116  11:45  Void Ray x2  
  124  11:50  Void Ray  
  118  12:22  Tempest x2  
  126  12:27  Void Ray  
  126  12:28  Tempest  
  134  12:30  Pylon  
  134  12:47  Nexus  
  134  12:48  Tempest, Mothership Core (Chrono Boost)  
  140  13:04  Pylon  
  140  13:05  Stalker  
  148  13:38  Assimilator x2  
  148  14:12  Probe (Chrono Boost)  
  149  14:23  Probe (Chrono Boost)  
  150  14:34  Probe (Chrono Boost)  
  150  14:38  Nexus  
  151  14:44  Probe (Chrono Boost)  
  152  14:55  Probe (Chrono Boost)  
  153  15:08  Assimilator  
  153  15:10  Assimilator  
  153  15:16  Void Ray x3  
  165  15:23  Pylon  
  165  15:26  Pylon  
  165  15:32  Pylon  
  165  15:40  Void Ray x2  
  173  15:44  Void Ray  
  177  15:59  Void Ray x2  
  177  16:02  Tempest  
  189  16:23  Tempest  
  59  17:07  Void Ray x5  
  79  17:17  Mothership Core (Chrono Boost)  
  81  18:00  Void Ray x4  
  67  19:16  Void Ray x5  
  71  20:21  Void Ray x6  
  95  20:29  Probe (Chrono Boost)  
  96  20:39  Probe (Chrono Boost)  
  98  20:50  Probe (Chrono Boost)  
  98  21:00  Probe (Chrono Boost)  
  98  21:04  Tempest  
  83  21:38  Void Ray x4  
  83  21:39  Void Ray  
  103  21:46  Void Ray  
  107  21:56  Nexus  
  107  22:35  Void Ray x4  
  95  24:05  Tempest x5  
  95  24:09  Probe (Chrono Boost)  
  116  24:17  Probe (Chrono Boost)  
  116  24:19  Assimilator, Probe (Chrono Boost)  
  116  24:20  Probe (Chrono Boost)  
  116  24:22  Assimilator  
  119  24:28  Probe (Chrono Boost)  
  119  24:30  Probe x2 (Chrono Boost)  
  122  24:31  Oracle  
  126  24:38  Probe (Chrono Boost)  
  126  24:40  Probe (Chrono Boost)  
  126  24:41  Probe (Chrono Boost)  
  128  24:48  Void Ray  
  128  24:51  Probe x2 (Chrono Boost)  
  134  25:49  Void Ray x3  
  142  25:50  Void Ray x3  
  158  26:03  Stalker  
  160  26:04  Stalker x2  
  160  26:05  Stalker  
  166  26:32  Tempest x2, Void Ray  
  162  27:27  Void Ray x4  
Tags
 
Add a new tag
Caveats
  • Supply blocks, unpowered buildings, or Contaminate may cause inaccurate times.
  • Supply counts are checked every 10 seconds.